 Dungeon Crawl Stone Soup version 0.18-a0-1788-g92de1ac (webtiles) character file.

866 namelastname112 the Insei (level 7, -2/62 HPs)
             Began as a White Draconian Transmuter on Apr 19, 2016.
             Was an Initiate of Ru.
             Slain by a centaur (8 damage)
             ... on level 5 of the Dungeon.
             The game lasted 00:08:49 (5446 turns).

namelastname112 the Insei (DrTm)                    Turns: 5446, Time: 00:08:50

Health: -2/62      AC:  2    Str: 11    XL:     7   Next: 72%
Magic:  5/10       EV: 19    Int: 13    God:    Ru [......]
Gold:   83         SH:  0    Dex: 18    Spells: 3 memorised, 4 levels left

rFire  . . .     SeeInvis .       - Unarmed
rCold  . . .     Gourm    .     (armour unavailable)
rNeg   . . .     Faith    .     (shield currently unavailable)
rPois  x         Spirit   .     (helmet currently unavailable)
rElec  .         Dismiss  .     (cloak currently unavailable)
rCorr  +         Reflect  .     (gloves currently unavailable)
SustAt .         Harm     .     (boots currently unavailable)
MR     .....                    (no amulet)
Stlth  ++........               (no ring)
                                p - ring of resist corrosion

@: spider-form (expiring), not resistant to hostile enchantments, unstealthy
A: (breathe frost), unfitting armour, clumsy 1, (cold resistance 0), robust 2,
(cold-blooded), AC +6
a: End Transformation, Renounce Religion


You were on level 5 of the Dungeon.
You worshipped Ru.
Ru was noncommittal.
You were hungry.
You were a venomous arachnid creature.
You visited 1 branch of the dungeon, and saw 5 of its levels.

You collected 83 gold pieces.

Inventory:

Missiles
 a - an arrow
 r - a throwing net (quivered)
Jewellery
 p - a ring of resist corrosion (left front leg)
Wands
 e - a wand of polymorph (0/24)
Scrolls
 i - a scroll of immolation
 k - a scroll of teleportation
 n - a scroll of fog
Potions
 j - a potion of flight
 l - 2 potions of berserk rage
Books
 b - a book of Changes

   Spells                             Type                      Level
   a - Beastly Appendage              Transmutation                1
   b - Sticks to Snakes               Transmutation                2
   c - Spider Form                    Transmutation/Poison         3
   d - Ice Form                       Ice/Transmutation            4
   e - Blade Hands                    Transmutation                5
 g - a book of Air

   Spells                             Type                      Level
   a - Shock                          Conjuration/Air              1
   b - Swiftness                      Charms/Air                   2
   c - Repel Missiles                 Charms/Air                   2
   d - Static Discharge               Conjuration/Air              3
   e - Lightning Bolt                 Conjuration/Air              5
Comestibles
 c - 4 bread rations
 d - 3 fruits
 f - a meat ration
 o - 2 royal jellies
 t - a beef jerky


   Skills:
 - Level 1.1 Fighting
 - Level 1.7 Dodging
 * Level 7.9 Unarmed Combat
 - Level 2.0 Spellcasting
 + Level 5.2 Transmutations


You had 4 spell levels left.
You knew the following spells:

 Your Spells              Type           Power        Failure   Level  Hunger
a - Beastly Appendage     Trmt           ##....       12%         1    ##.....
c - Sticks to Snakes      Trmt           ##......     17%         2    ###....
x - Spider Form           Trmt/Pois      #.........   50%         3    ####...


Dungeon Overview and Level Annotations

Branches:
Dungeon (5/15)
 Temple: D:4-7

Altars:
Ashenzari
Fedhas
Nemelex Xobeh
Ru
Trog
The Shining One

Shops:
D:4 =

Annotations:
D:2 exclusion: oklob plant


Innate Abilities, Weirdness & Mutations

((You can breathe waves of freezing cold.))
((You can buffet flying creatures when you breathe cold.))
((Your icy white scales are hard (AC +6).))
Your body does not fit into most forms of armour.
((Your flesh is cold resistant.))
((You are cold-blooded and may be slowed by cold attacks.))
You are clumsy. (Dex -2)
You are very robust (+20% HP).


Message History

Your ball python bites the centaur but does no damage.
The centaur hits you!
You take 6 damage, and have 22/62 hp.
You bite the centaur!
The centaur is severely wounded.
The centaur completely misses you.
Your ball python bites the centaur but does no damage.
You hit the centaur but do no damage.
The centaur is severely wounded.
The centaur hits you!
* * * LOW HITPOINT WARNING * * *
Your ball python bites the centaur but does no damage.
You take 7 damage, and have 15/62 hp.
You completely miss the centaur.
The centaur is severely wounded.
The centaur hits you!
* * * LOW HITPOINT WARNING * * *
Your ball python barely misses the centaur.
The centaur hits you!
You die...

#......# #......# #+#
#.....$# #.# #...... #.#
####.....# #.#
.....S...# #.#.######
......c..# #.#.......
.......s.# #.######..
........(######'#......#
.....####(..........#...
.... #...รท....##.##..
### #...............
#.......^.#.####
#.........#.#...
#######'#.#.#.#.
#.#.#<#.#.


You could see a centaur and a friendly ball python.

Vanquished Creatures
  The ghost of namelastname112 the Ruffian, an amateur DrTm (D:4)
  Grinder (D:3)
  An orc warrior (D:4)
  A big kobold (D:3)
  2 orc wizards
  A hound (D:3)
  3 gnolls (D:2)
  7 adders
  An ooze (D:1)
  An adder skeleton (D:4)
  3 worms (D:2)
  5 dart slugs
  6 giant geckos
  15 orcs
  4 giant cockroaches
  11 goblins
  14 hobgoblins
  9 jackals
  A quokka (D:2)
  A ball python (D:1)
  4 bats
  A giant gecko skeleton (D:3)
  5 giant newts
  8 kobolds
  7 rats
113 creatures vanquished.

Vanquished Creatures (collateral kills)
  An adder (D:3)
1 creature vanquished.

Grand Total: 114 creatures vanquished

Notes
Turn   | Place    | Note
--------------------------------------------------------------
     0 | D:1      | namelastname112 the Draconian Transmuter began the quest for the Orb.
     0 | D:1      | Reached XP level 1. HP: 16/16 MP: 3/3
   175 | D:1      | Reached XP level 2. HP: 13/23 MP: 5/5
   713 | D:1      | Learned a level 2 spell: Sticks to Snakes
   871 | D:1      | Reached XP level 3. HP: 25/28 MP: 6/6
   876 | D:1      | Learned a level 3 spell: Spider Form
   925 | D:2      | Reached skill level 4 in Unarmed Combat
  1074 | D:2      | Found a shattered altar of Ashenzari.
  1275 | D:2      | Found a blossoming altar of Fedhas.
  1292 | D:2      | Noticed an oklob plant
  1797 | D:2      | Reached XP level 4. HP: 34/35 MP: 7/7
  2472 | D:3      | Found a bloodstained altar of Trog.
  2503 | D:3      | Reached skill level 5 in Unarmed Combat
  2899 | D:3      | Reached XP level 5. HP: 26/40 MP: 8/8
  3052 | D:3      | Noticed Grinder
  3059 | D:3      | Gained mutation: You are robust (+10% HP). [potion of mutation]
  3059 | D:3      | Gained mutation: You are clumsy. (Dex -2) [potion of mutation]
  3059 | D:3      | Gained mutation: You are very robust (+20% HP). [potion of mutation]
  3077 | D:3      | Killed Grinder
  3077 | D:3      | Reached skill level 6 in Unarmed Combat
  3077 | D:3      | Reached XP level 6. HP: 22/56 MP: 4/9
  3308 | D:3      | Found a sacrificial altar of Ru.
  3433 | D:3      | Became a worshipper of Ru the Awakened
  4378 | D:3      | Your scales start taking on an icy white colour.
  4378 | D:3      | Reached XP level 7. HP: 49/62 MP: 10/10
  4378 | D:3      | Gained mutation: Your flesh is cold resistant. [White Draconian growth]
  4505 | D:4      | Noticed namelastname112's ghost (amateur DrTm)
  4519 | D:4      | Killed namelastname112's ghost
  4519 | D:4      | Reached skill level 7 in Unarmed Combat
  4627 | D:4      | Reached skill level 5 in Transmutations
  4903 | D:4      | Found a glowing golden altar of the Shining One.
  4950 | D:4      | Found Jaupycidd's Jewellery Emporium.
  5005 | D:4      | Found a sparkling altar of Nemelex Xobeh.
  5025 | D:4      | Noticed Itegysan
  5074 | D:5      | Entered Level 5 of the Dungeon
  5301 | D:5      | Drew Focus: Dex increased to 15, Str decreased to 11
  5446 | D:5      | Slain by a centaur

Vault maps used:
D:1:      roderic_crop_circles_arrival_small, minmay_misc_feat_cross
D:2:      tgw_fedhas, evilmike_ruin_ashenzari, first_bread
D:3:      nicolae_ru_path_of_blood, trog_hazing_becter, uniq_grinder
D:4:      tso_metal_star, serial_shops, shop, nemelex_deck, uniq_duvessa,
          uniq_eustachio
D:5:      kennysheep_generic_room_15

Skill      XL: |  1  2  3  4  5  6  7 |
---------------+----------------------+-----
Unarmed Combat | 4 5 6 7 |  7.9
Transmutations | 3 4 5 |  5.2
Fighting       | |  1.1
Dodging        | |  1.7
Spellcasting   | |  2.0

Action                   |  1- 3 |  4- 6 |  7- 9 || total
-------------------------+-------+-------+-------++-------
Melee: Unarmed           |   158 |   286 |    50 ||   494
       Tailslap          |    14 |    24 |       ||    38
       Punch             |     3 |     5 |     2 ||    10
 Cast: Spider Form       |     1 |     1 |     2 ||     4
       Sticks to Snakes  |       |     8 |     3 ||    11
 Abil: Breathe Frost     |       |       |     1 ||     1
Evoke: Deck              |       |       |     8 ||     8
       Wand              |       |       |     1 ||     1
  Use: Potion            |       |     4 |       ||     4
       Scroll            |       |       |     9 ||     9
 Stab: Sleeping          |     1 |       |       ||     1
       Distracted        |       |     1 |       ||     1
  Eat: Chunk             |     3 |     6 |     2 ||    11
       Meat ration       |       |     1 |       ||     1
Armor: Skin              |    48 |    68 |    10 ||   126
Dodge: Dodged            |   110 |   162 |    25 ||   297
